[Event "III Menorca Open-A 2024"]
[Site "Ciutadella Menorca"]
[Date "2024.04.03"]
[Round "3.21"]
[White "Prraneeth Vuppala"]
[Black "Oro, Faustino"]
[Result "1/2-1/2"]
[ECO "D31"]
[WhiteElo "2499"]
[BlackElo "2330"]
[Annotator "TA"]
[PlyCount "90"]
[EventDate "2024.04.02"]
[EventType "swiss"]
[EventCountry "ESP"]
[SourceTitle "playchess.com"]
[Source "ChessBase"]
[SourceQuality "1"]
[TimeControl "5400+30"]

1. d4 d5 2. c4 e6 3. Nf3 a6 4. cxd5 exd5 5. Nc3 c6 6. Bg5 {[%emt 0:01:59] D31: Queen's Gambit Declined: Semi-Slav without ...Nf6 (+ Marshall Gambit and Noteboom) and Exchange Variation lines without ...Nf6.} Be7 7. Bf4 Bd6 8. e3 {[%emt 0:00:21] Nowadays more popular than 8.Bxd6.} Ne7 9. Bd3 Bxf4 10. exf4 Bf5 11. O-O O-O 12. Re1 Bxd3 13. Qxd3 Nd7 14. Re2 Nc8 15. Rae1 Nd6 16. Ne5 Re8 $146 ({Predecessor:} 16... Nf6 17. f3 Rc8 18. g3 Rc7 19. Kg2 g6 20. Na4 Re8 21. Kf1 Rce7 22. Nc5 Nh5 23. Ng4 Rxe2 24. Rxe2 Rxe2 25. Qxe2 {1-0 Volkov,M (2263)-Mirzoev,A (2430) Titled Tuesday intern op 11th May blitz 2021 (3)}) 17. f5 f6 (17... Nf8 $5) 18. Ng4 Rxe2 19. Rxe2 Qf8 20. Re6 Re8 21. h4 Rxe6 22. fxe6 Nb6 23. Qg3 $1 Nbc8 24. Ne3 (24. Nh6+ $11 {keeps the balance.} Kh8 25. Nf7+ (25. Ng4 Qe7 $17) 25... Kg8 (25... Nxf7 26. exf7 Nd6 27. Na4 $11) 26. Nh6+ Kh8 27. Nf7+ (27. Ng4 Qe8 $17) 27... Kg8 (27... Nxf7 28. exf7 Nd6 29. Na4 $11) 28. Na4) 24... Qe7 $17 25. Qg4 g6 $1 26. Ncxd5 cxd5 27. Nxd5 Qg7 28. e7 f5 $1 29. Qe2 {[%emt 0:00:43] [#]} Qf7 $1 (29... Qxd4 $2 30. e8=Q+ (30. e8=B $2 Qxd5 31. Bd7 Kf8 $19) (30. e8=R+ Nxe8 31. Qxe8+ Kg7 $18) 30... Nxe8 31. Qxe8+ Kg7 32. Qd8 $18) (29... Kf7 $2 30. Nc7 Nxe7 31. Qe6+ Kf8 32. Qxd6 $18) 30. Qe5 Ne8 31. h5 (31. f3 $17) 31... gxh5 $19 32. Qg3+ {[%emt 0:00:40] [#]} Qg6 $1 33. Qb3 b5 $2 (33... Ncd6 $19 {Threatens to win with ...Qe6.} 34. Nc7+ Kg7 35. Ne6+ (35. Nxe8+ Nxe8 36. Qxb7 Qe6 $11) 35... Kh8 (35... Kf6 $2 36. Nd8 $19)) 34. Nb6+ $14 Qf7 35. Qg3+ (35. Nxc8 Qxb3 36. axb3 Kf7 $16) 35... Qg6 36. Qb3+ (36. Qxg6+ hxg6 37. Nxc8 Kf7 $11) 36... Qf7 $1 37. Nxc8 Qxb3 38. axb3 Kf7 39. d5 Nf6 40. Nd6+ (40. d6 Ke6 41. Kf1 Kd7) 40... Kxe7 41. Nxf5+ Kd7 42. Ne3 a5 (42... Kd6 43. Kh2) 43. f3 Kd6 44. Kf2 Kc5 45. d6 Kxd6 1/2-1/2

[Event "III Menorca Open-A 2024"]
[Site "Ciutadella Menorca"]
[Date "2024.04.03"]
[Round "3.22"]
[White "Cramling Bellon, Anna"]
[Black "Moehn, Hans"]
[Result "0-1"]
[ECO "E71"]
[WhiteElo "2115"]
[BlackElo "2396"]
[Annotator "TA"]
[PlyCount "74"]
[EventDate "2024.04.02"]
[EventType "swiss"]
[EventCountry "ESP"]
[SourceTitle "playchess.com"]
[Source "ChessBase"]
[SourceQuality "1"]
[TimeControl "5400+30"]

1. d4 Nf6 2. c4 g6 3. Nc3 Bg7 4. e4 d6 5. h3 O-O 6. Be3 Na6 7. g4 c5 8. Nge2 cxd4 9. Nxd4 {[%emt 0:00:11] White is slightly better.} b6 10. Bg2 (10. f3 $16) 10... Bb7 11. O-O {[%emt 0:02:07][%cal Oe4e5] Threatens to win with e5!} Nc5 12. Qc2 Nfd7 13. Rad1 Rc8 14. b3 a6 15. b4 (15. Qd2 $14 {is superior.}) 15... Ne6 16. Nxe6 fxe6 17. Ne2 Qe8 18. Qb3 Rc7 19. f4 Kh8 20. Nd4 Qf7 21. Nf3 (21. c5 bxc5 22. bxc5 (22. Nxe6 $2 c4 $19) 22... Nxc5 $17) 21... Qg8 $1 22. Qd3 Rfc8 23. Rc1 b5 24. cxb5 Rc3 (24... axb5 $5 25. Rxc7 (25. Qxb5 Bxe4 26. Rfe1 Rb8 $11) 25... Rxc7 $14) 25. Qd2 {[%emt 0:01:51] Rxc3 would now be deadly.} axb5 26. Nd4 R3c4 27. Nxb5 Bxe4 28. Bxe4 Rxe4 29. Rxc8 (29. Na7 $1 $11 Ra8 30. b5) 29... Qxc8 $15 30. Rc1 {[%emt 0:00:12] Wards off Qc4} Qb8 ({Better is} 30... Qa6 $1 $15 31. Nd4 Bxd4 32. Bxd4+ Kg8) 31. a4 $11 Nb6 32. Bxb6 ({Much worse is} 32. a5 Nc4 (32... Nd5 33. Qc2 $16) 33. Qa2 d5 $17 (33... Qxb5 34. a6 $11)) ({White should play} 32. Qd3 $11 Rxb4 33. Nc7) 32... Qxb6+ $15 33. Kg2 (33. Qf2 $15 {might be stronger.} Qd8 (33... Qxf2+ 34. Kxf2 Rxf4+ 35. Kg2 $17) 34. Qd2) 33... h6 $17 34. Kh2 $2 {[%emt 0:01:04][%mdl 8192] [#] This move loses the game for White.} (34. Kf3 $17 {is a better chance.} d5 35. Rc5) 34... Rxf4 $3 $19 35. Kg2 {[%emt 0:00:31] Wards off Rf2+} (35. Qxf4 Be5) 35... Qb7+ 36. Kg1 Qf3 37. Qg2 {[%emt 0:00:44] Wards off Qg3} Qe3+ {[%emt 0:00:07] Weighted Error Value: White=0.68/Black=0.14 (very precise) .  Loses game:     	White=1     	---        Mistake:       	White=5     	Black=1      Inaccurate:     	White=4     	Black=4      OK:         	White=8     	Black=7      Best:        	White=2     	Black=1      Strong:       	---       	Black=1      Brilliant:      	---       	Black=1} 0-1

[Event "III Menorca Open-A 2024"]
[Site "Ciutadella Menorca"]
[Date "2024.04.03"]
[Round "3.23"]
[White "Prado, Alexandra"]
[Black "Bradbury, Neil H"]
[Result "1/2-1/2"]
[ECO "B12"]
[WhiteElo "1877"]
[BlackElo "2197"]
[Annotator "RC"]
[PlyCount "70"]
[EventDate "2024.04.02"]
[EventType "swiss"]
[EventCountry "ESP"]
[SourceTitle "playchess.com"]
[Source "ChessBase"]
[SourceQuality "1"]
[TimeControl "5400+30"]

1. e4 c6 2. d4 d5 3. e5 Bf5 4. Nf3 e6 5. Be2 a6 6. a4 c5 7. Be3 Nd7 8. O-O Ne7 9. dxc5 Nc6 10. Nbd2 Bxc5 11. Bxc5 Nxc5 12. c4 d4 13. Nb3 Nxb3 14. Qxb3 Qe7 15. Rfd1 Rd8 16. Rd2 O-O 17. Rad1 Bg4 18. h3 Bxf3 19. Bxf3 Nxe5 20. Rxd4 Rxd4 21. Rxd4 Qc5 22. Qc3 Nxf3+ 23. gxf3 a5 24. Qd2 g6 25. b3 b6 26. Rd7 Rc8 27. Kg2 Re8 28. Qf4 Qf5 29. Qe3 e5 30. Rd5 Re6 31. Rd8+ Kg7 32. Rd5 h5 33. h4 Qf6 34. Kg3 Qf5 35. Kg2 Qf6 1/2-1/2

[Event "III Menorca Open-A 2024"]
[Site "Ciutadella Menorca"]
[Date "2024.04.03"]
[Round "3.24"]
[White "Saine, Zachary"]
[Black "Van Foreest, Machteld"]
[Result "0-1"]
[ECO "C10"]
[WhiteElo "2010"]
[BlackElo "2332"]
[Annotator "RC"]
[PlyCount "88"]
[EventDate "2024.04.02"]
[EventType "swiss"]
[EventCountry "ESP"]
[SourceTitle "playchess.com"]
[Source "ChessBase"]
[SourceQuality "1"]
[TimeControl "5400+30"]

1. e4 e6 2. d4 d5 3. Nc3 dxe4 4. Nxe4 Nd7 5. Nf3 Ngf6 6. Nxf6+ Nxf6 7. Bd3 Be7 8. O-O O-O 9. Bg5 Qd6 10. Re1 Rd8 11. Ne5 h6 12. Bxf6 Bxf6 13. Qh5 Bxe5 14. dxe5 Qb4 15. Re4 Qxb2 16. Rae1 Bd7 17. Rf4 Be8 18. Qg4 Rd5 19. Rfe4 Rad8 20. h3 Bb5 21. Bxb5 Rxb5 22. Qh4 Rbd5 23. Kh2 Rd4 24. R1e3 R8d5 25. Rxd4 Qxd4 26. Re4 Qd2 27. c4 Rd7 28. Rg4 g6 29. Qf6 Qc2 30. Rf4 c5 31. h4 Qe2 32. g4 Kh7 33. Kg2 Qxa2 34. h5 g5 35. Re4 Qb3 36. f3 a5 37. Kg3 a4 38. Kh3 a3 39. Re2 Qd3 40. Rf2 Qc3 41. Kg2 Qxc4 42. f4 a2 43. fxg5 Qxg4+ 44. Kh2 Qxh5+ 0-1

[Event "III Menorca Open-A 2024"]
[Site "Ciutadella Menorca"]
[Date "2024.04.04"]
[Round "4.1"]
[White "Iermito, Sebastian"]
[Black "Alekseenko, Kirill"]
[Result "1/2-1/2"]
[ECO "A07"]
[WhiteElo "2511"]
[BlackElo "2650"]
[Annotator "TA"]
[PlyCount "114"]
[EventDate "2024.04.02"]
[EventType "swiss"]
[EventCountry "ESP"]
[SourceTitle "playchess.com"]
[Source "ChessBase"]
[SourceQuality "1"]
[TimeControl "5400+30"]

1. Nf3 d5 2. g3 b6 3. c4 dxc4 4. Na3 Bb7 5. Nxc4 Nd7 6. Bg2 e6 7. O-O Be7 8. d4 Ngf6 9. Nce5 Nxe5 10. Nxe5 Bxg2 11. Kxg2 O-O 12. Qa4 c5 13. Nc6 Qd7 {[%emt 0:00:56] ...Kh8 would now be deadly.} 14. Nxe7+ Qxe7 15. dxc5 Qxc5 16. Qb3 Rac8 17. Rd1 Ng4 18. Qf3 Ne5 19. Qe4 f5 20. Qe3 Qc6+ 21. f3 Nc4 22. Qb3 e5 23. Be3 f4 24. gxf4 exf4 25. Bd4 Rfe8 26. Re1 Rcd8 27. Rad1 Qe6 28. Kh1 Rd7 29. Bc3 {[%emt 0:01:18] Hoping for Rxd7.} Red8 30. Rc1 Rc8 31. Rcd1 Rcc7 32. Rxd7 Rxd7 33. Qb5 h6 34. Rg1 Kh7 35. Qa4 a6 36. Qc2+ Kg8 37. b3 Ne3 38. Qc1 Nd5 39. Ba1 {[%emt 0:00:11] Black must now prevent Qc8+.} g5 40. Qb2 Kh7 41. Qb1+ Qg6 42. Qb2 {[%emt 0:00:03][%csl Ga1][%cal Rb2h8] Repels Qxb1} (42. Qxg6+ {simplifies} Kxg6 43. Rd1 b5 44. Kg1) 42... Qf5 43. Qh8+ Kg6 44. Qe8+ Qf7 45. Qe4+ Kh5 46. Qb1 $2 {[%emt 0:01:11] [#]} (46. Rd1 $1 $11 {and White is okay.}) 46... Qe6 $1 $19 47. Qd3 Ne3 48. Qc3 Nf5 49. Re1 Re7 {[%emt 0:01:20] And now ...Nh4 would win.} 50. Qc2 {[%emt 0:00:31] [#]} Ng3+ $2 51. hxg3 $11 {[%emt 0:00:28] Intending g4+ and mate. The position is equal.} Qh3+ 52. Kg1 Qxg3+ 53. Kf1 {[%emt 0:00:01] Qf5 is the strong threat.} Qh3+ 54. Kf2 Qh2+ 55. Kf1 Qh1+ 56. Kf2 Qh2+ 57. Kf1 Qh1+ {[%emt 0:00:24] White happily takes the draw.   Weighted Error Value: White=0.17 (very precise) /Black=0.12 (very precise) .  Loses game:     	White=1     	---        Missed win:     	---       	Black=1      Inaccurate:     	White=2     	Black=1      OK:         	White=23    	Black=29     Best:        	White=1     	Black=1} 1/2-1/2

[Event "III Menorca Open-A 2024"]
[Site "Ciutadella Menorca"]
[Date "2024.04.04"]
[Round "4.2"]
[White "Krzyzanowski, Marcin"]
[Black "Dardha, Daniel"]
[Result "1/2-1/2"]
[ECO "B30"]
[WhiteElo "2510"]
[BlackElo "2628"]
[Annotator "TA"]
[PlyCount "62"]
[EventDate "2024.04.02"]
[EventType "swiss"]
[EventCountry "ESP"]
[SourceTitle "playchess.com"]
[Source "ChessBase"]
[SourceQuality "1"]
[TimeControl "5400+30"]

1. e4 c5 2. Nf3 Nc6 3. Bb5 e6 4. Bxc6 bxc6 5. d3 Ne7 6. Nbd2 Qc7 7. Qe2 e5 8. Nc4 Ng6 9. h4 {[%emt 0:00:36] [#] And now h5 would win.} h5 10. Bd2 f6 11. Ne3 Nf4 12. Qd1 d5 13. g3 Ne6 14. exd5 cxd5 15. Nxd5 Qc6 16. c4 Bb7 17. Ba5 Qd7 18. Qe2 Bxd5 19. cxd5 Qxd5 20. Qe4 {[%emt 0:02:17] Repels Nd4} Qxe4+ 21. dxe4 Rb8 22. b3 {[%emt 0:01:13] [#]} c4 $1 23. bxc4 Bb4+ 24. Bxb4 Rxb4 25. O-O Rxc4 26. Rfc1 {[%emt 0:00:32] The position is equal.} Rxc1+ 27. Rxc1 Kd7 {[%emt 0:00:27] Prevents Rc8} 28. Rc3 Rc8 29. Ra3 Rc7 30. Nd2 Nc5 31. f4 exf4 {[%emt 0:06:11] Weighted Error Value: White=0.05 (flawless) /Black=0.05 (flawless) .  Inaccurate:     	White=1     	Black=1      OK:         	White=11    	Black=11     Best:        	White=1     	---} 1/2-1/2

[Event "III Menorca Open-A 2024"]
[Site "Ciutadella Menorca"]
[Date "2024.04.04"]
[Round "4.3"]
[White "Mamedov, Edgar"]
[Black "Gorshtein, Ido"]
[Result "1/2-1/2"]
[ECO "D32"]
[WhiteElo "2317"]
[BlackElo "2540"]
[Annotator "TA"]
[PlyCount "38"]
[EventDate "2024.04.02"]
[EventType "swiss"]
[EventCountry "ESP"]
[SourceTitle "playchess.com"]
[Source "ChessBase"]
[SourceQuality "1"]
[TimeControl "5400+30"]

1. Nf3 c5 2. c4 Nc6 3. Nc3 Nf6 4. e3 a6 5. b3 e6 6. Bb2 d5 7. cxd5 exd5 8. d4 cxd4 9. Nxd4 Bd6 10. Be2 O-O 11. O-O Re8 12. Nf3 Bc7 {[%emt 0:01:02] The position is equal.} 13. Re1 Qd6 {[%emt 0:02:31][%cal Od5d4] White should prevent ...d4!} 14. g3 h5 15. Rc1 Bd7 16. Na4 Ne4 {[%emt 0:08:08] Prevents Nc5} 17. Nc3 Nf6 18. Na4 Ne4 {[%emt 0:10:36] Repels Nc5} 19. Nc3 Nf6 {[%emt 0:04:24] Not much happened in this game.   Weighted Error Value: White=0.12 (very precise) /Black=0.02 (flawless) .  OK:         	White=2     	Black=4} (19... Rad8 $5) 1/2-1/2

[Event "III Menorca Open-A 2024"]
[Site "Ciutadella Menorca"]
[Date "2024.04.04"]
[Round "4.4"]
[White "Lubbe, Nikolas"]
[Black "Klimkowski, Jan"]
[Result "0-1"]
[ECO "E14"]
[WhiteElo "2518"]
[BlackElo "2505"]
[Annotator "TA"]
[PlyCount "102"]
[EventDate "2024.04.02"]
[EventType "swiss"]
[EventCountry "ESP"]
[SourceTitle "playchess.com"]
[Source "ChessBase"]
[SourceQuality "1"]
[TimeControl "5400+30"]

1. d4 Nf6 2. Nf3 d5 3. c4 e6 4. e3 Be7 5. b3 O-O 6. Bd3 b6 7. Nbd2 Bb7 8. O-O c5 9. Bb2 cxd4 10. exd4 Nc6 11. Rc1 Rc8 12. Qe2 Re8 13. Rfd1 Bf8 14. Nf1 g6 15. Ne3 Bg7 16. c5 Nd7 17. Bb5 a6 {[%emt 0:01:22] The position is equal.} 18. Bxc6 Bxc6 19. cxb6 Qxb6 20. Ng4 f6 21. Qd2 g5 22. Ne3 Bb7 23. h4 h6 24. Ba3 Qb5 (24... Nf8 $11 {remains equal.}) 25. Rc2 (25. hxg5 $16 {Hoping for g6.} hxg5 26. Ng4) 25... Nf8 26. Rdc1 Qd7 27. hxg5 hxg5 28. Ne1 Rxc2 29. Rxc2 e5 30. Nd3 {[%emt 0:02:27] [#] Nc5 is the strong threat.} exd4 31. Nf1 {[%emt 0:00:07] Excellent horsemanship.} Ne6 32. Nc5 Nxc5 33. Bxc5 d3 34. Qxd3 d4 35. Qxd4 Qe6 36. Qb4 Bc6 37. Be3 Bb5 38. a4 Bd3 39. Rc7 {[%emt 0:01:38] Black must now prevent Qd4.} Bf8 40. Qc3 Be4 (40... Bd6 $14) 41. Ng3 $16 Rd8 {[%emt 0:01:48] [#] Strongly threatening ...Rd1+.} 42. Nxe4 (42. Bc5 $18) 42... Qxe4 43. Qc1 {[%emt 0:06:40] Against Rd1+} (43. Qxf6 $2 {leads to mate.} Rd1+ 44. Kh2 Qh4#) 43... Qd3 {[%emt 0:00:30] ...Qd1+ would now be deadly.} 44. Rc3 $2 {[%emt 0:00:39][%mdl 8192] Now White is beyond hope.} (44. g3 $16) 44... Qe2 $19 45. Kh2 Rd1 46. Qc2 Bd6+ {[%emt 0:00:00] Black mates.} 47. f4 Qh5+ 48. Kg3 gxf4+ 49. Bxf4 Qg5+ 50. Kf3 Qxf4+ 51. Ke2 Qf1+ {[%emt 0:00:00] Weighted Error Value: White=0.44/Black=0.19 (very precise) .  Loses game:     	White=1     	---        Mistake:       	White=2     	Black=2      Inaccurate:     	White=3     	Black=3      OK:         	White=10    	Black=6      Best:        	White=1     	Black=2} 0-1

[Event "III Menorca Open-A 2024"]
[Site "Ciutadella Menorca"]
[Date "2024.04.04"]
[Round "4.5"]
[White "Erigaisi Arjun"]
[Black "Vogel, Roven"]
[Result "1-0"]
[ECO "C88"]
[WhiteElo "2748"]
[BlackElo "2528"]
[Annotator "TA"]
[PlyCount "71"]
[EventDate "2024.04.02"]
[EventType "swiss"]
[EventCountry "ESP"]
[SourceTitle "playchess.com"]
[Source "ChessBase"]
[SourceQuality "1"]
[TimeControl "5400+30"]

1. e4 e5 2. Nf3 Nc6 3. Bb5 a6 4. Ba4 Nf6 5. O-O Be7 6. Re1 b5 7. Bb3 O-O 8. h3 Bb7 9. d3 d6 10. a3 Nb8 11. Nbd2 Nbd7 12. Nf1 Re8 13. Ng3 {[%emt 0:04:48] The position is equal.} h6 14. Ba2 Bf8 15. Nh4 Nc5 16. Ng6 Ne6 17. Nxf8 Nxf8 18. f4 exf4 19. Bxf4 Ng6 20. Rf1 {[%emt 0:05:41][%cal Of4h6] Strongly threatening Bxh6!} d5 21. Nh5 Re6 22. Bd2 c5 23. exd5 Bxd5 (23... Nxd5 $6 24. Qf3 Qd7 25. Bxh6 $14) 24. Bxd5 (24. Nxf6+ Rxf6 25. Bxd5 (25. Rxf6 Qxf6 26. Bxd5 Qd4+ $11) 25... Rxf1+ 26. Qxf1 Qxd5) 24... Nxd5 25. Qf3 Ra7 26. Rae1 Rxe1 27. Rxe1 {[%emt 0:00:38][%cal Od2h6,Bf1e1,Be1e8,Be8h8,Bh8g8][%mdl 32] Bxh6! is the strong threat.} c4 $2 (27... Rd7 $11) 28. dxc4 $16 bxc4 29. Bc3 $40 {[%emt 0:02:26][%mdl 128] White has some attack. White has more active pieces.} (29. Bxh6 $16 gxh6 30. Qxd5 Qxd5 31. Nf6+ Kf8 32. Nxd5) 29... Nh4 $2 {[%emt 0:07:19][%mdl 8192] This costs Black the game.} (29... Nxc3 $14 30. Qxc3 f5) 30. Qf2 $18 Rb7 (30... Nxc3 $142 31. Qxa7 Na4) 31. Nxg7 {[%emt 0:04:25] Black must now prevent Re8+.} Qg5 {[%emt 0:03:15] aiming for ...Nxc3.} 32. Re8+ Kh7 {[%emt 0:00:02] [#] And now ...Nxc3 would win.} 33. Rh8+ $3 Kg6 (33... Kxh8 34. Ne6+) 34. Ne6 {[%emt 0:00:11] Nf8+ would kill now.} Qc1+ {[%emt 0:03:28] [#]} (34... Qxg2+ $142 35. Qxg2+ Nxg2 36. Rg8+ Kf5 37. Nd4+ Kf4 38. Rxg2 (38. Kxg2 Nxc3 39. bxc3 Ke3 $18) 38... Nxc3 39. bxc3 Rb1+ 40. Kf2 Ke5) 35. Kh2 $1 {[%emt 0:00:15] Threatening mate with Nf8+.} Nxc3 36. Rg8+ {[%emt 0:00:51] Weighted Error Value: White=0.22 (precise) /Black=0.71.  Loses game:     	---       	Black=1      Mistake:       	White=1     	Black=3      Inaccurate:     	White=3     	Black=3      OK:         	White=12    	Black=6      Best:        	---       	Black=2} 1-0

[Event "III Menorca Open-A 2024"]
[Site "Ciutadella Menorca"]
[Date "2024.04.04"]
[Round "4.6"]
[White "Lamard, Guillaume"]
[Black "Nihal Sarin"]
[Result "0-1"]
[ECO "E08"]
[WhiteElo "2495"]
[BlackElo "2698"]
[Annotator "TA"]
[PlyCount "132"]
[EventDate "2024.04.02"]
[EventType "swiss"]
[EventCountry "ESP"]
[SourceTitle "playchess.com"]
[Source "ChessBase"]
[SourceQuality "1"]
[TimeControl "5400+30"]

1. d4 Nf6 2. c4 e6 3. Nf3 d5 4. g3 Bb4+ 5. Bd2 Be7 6. Bg2 c6 7. Qc2 Nbd7 8. O-O O-O 9. Bf4 a5 10. h4 {[%emt 0:00:27] E08: Closed Catalan: Main Line: 7 Qc2.} h6 11. Nbd2 Nh5 12. e3 a4 13. Rac1 Nb6 $146 ({Predecessor:} 13... Nxf4 14. exf4 Qa5 15. Qd3 Rd8 16. Rfd1 Bf8 17. Qe2 Qc7 18. Kh2 Qb8 19. Nf1 Nf6 {½-½ Schmitt,D (2250)-Weglicki,S (2203) POL-ch67 sf email 2022}) 14. c5 Nd7 15. Rfe1 f5 16. Be5 Nhf6 17. b4 Ne4 18. a3 Ndf6 19. Nh2 Nd7 20. Ndf1 Nxe5 21. dxe5 Bd7 22. f3 Nxg3 23. Nxg3 Bxh4 24. Nhf1 f4 25. exf4 Rxf4 26. Qd2 Bg5 27. Qd3 Rh4 28. Rcd1 Bf4 29. Qg6 Qe7 30. Nh5 Be8 31. Nf6+ Qxf6 $1 32. Qxe8+ Rxe8 33. exf6 gxf6 34. Kf2 Kf7 35. Re2 Rg8 (35... f5 $15) 36. Rd3 {[%emt 0:00:33] [#]} (36. b5 $1 $11) 36... f5 $1 $17 37. Ke1 Kf6 38. Ne3 h5 39. Nf1 Rg7 40. Rd1 (40. Kd1 $17) 40... Bh6 $19 41. Kf2 Bf4 $2 (41... e5 $19 42. Rb1 d4) 42. Rde1 $2 (42. Ke1 $1 $11 {and White stays safe.}) 42... e5 $19 43. Rd1 e4 44. fxe4 (44. Ke1 {was worth a try.}) 44... fxe4 $19 45. Bxe4 dxe4 46. Rxe4 Rhg4 47. Rde1 Bg5 (47... Kg5 $19 {...Rf7 would now be deadly.} 48. Re7 Rxe7 49. Rxe7 Bc1) 48. Rxg4 $17 hxg4 49. Kg3 $2 (49. Re8 $17) 49... Kf5 50. b5 $2 (50. Re8) 50... Rd7 ({Weaker is} 50... cxb5 51. Rb1 $17) 51. bxc6 bxc6 ({Not} 51... Rd3+ 52. Kg2 bxc6 53. Ng3+ Kf6 54. Ne4+ Kg6 55. Nxg5 $15) 52. Ne3+ Bxe3 53. Rxe3 Rd5 54. Rc3 Rd4 (54... Rd2 $142 55. Re3 Rc2) 55. Re3 Rc4 56. Rd3 Rxc5 57. Rd4 Rc3+ 58. Kg2 Rxa3 59. Rc4 g3 60. Rc5+ Ke4 61. Rxc6 Rd3 62. Rc4+ Rd4 63. Rc3 Rd2+ 64. Kg1 Rd3 65. Rc4+ Kf3 66. Rc1 a3 0-1

[Event "III Menorca Open-A 2024"]
[Site "Ciutadella Menorca"]
[Date "2024.04.04"]
[Round "4.7"]
[White "Cuenca Jimenez, Jose Fernando"]
[Black "Van Foreest, Jorden"]
[Result "0-1"]
[ECO "B13"]
[WhiteElo "2500"]
[BlackElo "2672"]
[Annotator "TA"]
[PlyCount "64"]
[EventDate "2024.04.02"]
[EventType "swiss"]
[EventCountry "ESP"]
[SourceTitle "playchess.com"]
[Source "ChessBase"]
[SourceQuality "1"]
[TimeControl "5400+30"]

1. d4 d5 2. Bf4 c5 3. e3 cxd4 4. exd4 Nc6 5. Nf3 Bf5 6. c4 Nf6 7. c5 g6 8. Qb3 {[%emt 0:13:59] White has an edge.} Qc8 9. Nc3 {[%emt 0:06:40][%cal Oc3b5] Strongly threatening Nb5!} Bg7 10. Be2 O-O 11. O-O Rd8 12. h3 Be4 {[%emt 0:18:53] ...Bxf3 would now be deadly.} 13. Rfd1 Bxf3 14. Bxf3 e6 15. Rac1 Kh8 (15... Ne8 $11) 16. Nb5 Qd7 17. Nd6 Ne8 {[%emt 0:06:05][%cal Re8d6] A dynamic duo of knights.} 18. Qxb7 (18. Nxb7 $2 Rdb8 (18... Nxd4 $2 19. Rxd4 Bxd4 20. c6 $18) 19. Bxb8 Rxb8 $19) 18... Qxb7 19. Nxb7 Rd7 20. Nd6 Nxd6 21. cxd6 Nxd4 22. Rc7 Rxc7 23. dxc7 Rc8 24. Rd3 g5 25. Bg3 (25. Bxg5 Nxf3+ 26. Rxf3 Rxc7 $17) 25... f5 {[%emt 0:02:21] aiming for ...f4.} (25... Nxf3+ $2 26. gxf3 (26. Rxf3 Bd4 $18) 26... Bxb2 27. Rb3 $18) (25... Nb5 $2 26. Rb3 Nxc7 27. Bxc7 $18) 26. Bd6 Nb5 27. Be7 {[%emt 0:00:02] [#]} (27. Bh2 $15 Nxc7 (27... Bxb2 $2 28. Rb3 $18) 28. Bxc7 Rxc7 29. Re3) 27... h6 $1 $17 (27... Bxb2 $2 {loses.} 28. Rb3 (28. Bxg5 Nxc7 29. Rb3 Bd4 $14) 28... Rxc7 29. Bxg5 $18 (29. Rxb2 Rxe7 30. Rxb5 Kg7 $18)) (27... Nxc7 $6 28. Bxg5 Rb8 29. b3 $14) 28. Rb3 Rxc7 {[%emt 0:00:26] White must now prevent ...Nd4.} ({But not} 28... Nxc7 29. Bc5 $11) 29. Bxg5 $2 {[%emt 0:00:20] Now White is beyond hope.} (29. Rxb5 $17 Rxe7 30. Rb8+ Kh7 31. b3) 29... hxg5 $19 30. Rxb5 Rc1+ 31. Kh2 Be5+ 32. g3 {[%emt 0:00:01] [#]} Rc2 $1 {[%emt 0:00:10][%csl LRb2,LRf2] Weighted Error Value: White=0.21 (precise) /Black=0.04 (flawless) .  Loses game:     	White=1     	---        Mistake:       	White=1     	Black=1      Inaccurate:     	White=5     	---        OK:         	White=9     	Black=13     Best:        	White=1     	Black=3      Strong:       	---       	Black=2} 0-1

[Event "III Menorca Open-A 2024"]
[Site "Ciutadella Menorca"]
[Date "2024.04.04"]
[Round "4.8"]
[White "Aravindh, Chithambaram VR."]
[Black "Petkov, Momchil"]
[Result "1-0"]
[ECO "C77"]
[WhiteElo "2662"]
[BlackElo "2502"]
[Annotator "TA"]
[PlyCount "45"]
[EventDate "2024.04.02"]
[EventType "swiss"]
[EventCountry "ESP"]
[SourceTitle "playchess.com"]
[Source "ChessBase"]
[SourceQuality "1"]
[TimeControl "5400+30"]

1. e4 e5 2. Nf3 Nc6 3. Bb5 a6 4. Ba4 Nf6 5. Nc3 d6 6. Bxc6+ bxc6 7. d4 Nd7 8. dxe5 dxe5 9. O-O {[%emt 0:01:33] The position is equal.} Bd6 10. b3 O-O 11. Ne2 a5 12. a4 Ba6 13. Re1 $1 Bb4 14. Bd2 Rb8 15. Ng3 f6 16. Re3 Qe7 (16... Rf7 $11 {keeps the balance.}) 17. Nf5 $16 Qe6 18. N3h4 {[%emt 0:10:00][%cal Od1g4] Hoping for Qg4!} g6 $2 (18... Qe8 {is tougher.} 19. Rg3 g5) 19. Rg3 $18 {[%emt 0:08:21] White is clearly winning.} Kf7 {[%emt 0:00:40] [#]} 20. Nxg6 hxg6 21. Rxg6 Rg8 (21... Rh8 $142 22. Rg7+ Ke8 23. Bxb4 Rxb4) 22. Rxg8 Rxg8 23. Qh5+ {[%emt 0:00:09] Weighted Error Value: White=0.07 (flawless) /Black=0.60.  Mistake:       	---       	Black=3      Inaccurate:     	White=1     	---        OK:         	White=7     	Black=5      Best:        	White=1     	Black=1      Strong:       	White=1     	---} 1-0